 Dungeon Crawl Stone Soup version 0.26-a0-846-gcc8f1ee719 (webtiles) character file.

Game seed: 13974265939235249724

125934 robertstho the Carver (level 16, -2/134 HPs)
             Began as a Demonspawn Berserker on Nov 19, 2020.
             Was the Champion of Trog.
             Killed from afar by bloated husk (27 damage)
             ... on level 2 of the Swamp.
             The game lasted 00:55:58 (25690 turns).

robertstho the Carver (Demonspawn Berserker)       Turns: 25690, Time: 00:56:01

Health: -2/134     AC: 17    Str: 24    XL:     16   Next: 42%
Magic:  0/21       EV: 17    Int: 13    God:    Trog [******]
Gold:   2066       SH: 12    Dex: 13    Spells: 15/15 levels left

rFire    + . .     SeeInvis .   n - +2 Maxwell's thermic engine {flame, freeze}
rCold    . . .     Faith    .   G - +0 kite shield {reflect}
rNeg     . . .     Spirit   +   l - +4 moon troll leather armour {Spirit, Regen++ MP+5}
rPois    +         Reflect  +   K - +1 hat "Xatenis" {Regen+}
rElec    +         Harm     .   T - +2 cloak {rPois}
rCorr    .         Rampage  .   u - +1 pair of gloves
MR       ++++.                  (boots unavailable)
Stlth    +.........             S - amulet "Wyajiyx" {Acrobat rElec rPois Str+2 Dex-2}
HPRegen  3.52/turn              E - ring of protection from magic
MPRegen  0.17/turn              O - ring of protection from fire

@: berserk cooldown, regenerating, slowed, very slow
A: hooves 3, powered by death 2, spiny 3, big brain 2
a: Berserk, Trog's Hand, Brothers in Arms, Renounce Religion


You were on level 2 of the Swamp.
You worshipped Trog.
Trog was exalted by your worship.
You visited 4 branches of the dungeon, and saw 25 of its levels.
You also visited: Bailey, Gauntlet and Volcano.

You collected 2616 gold pieces.
You spent 550 gold pieces at shops.

Inventory:

Hand Weapons
 a - a +2 great sword of flaming
 m - the +8 great mace of a Gauntlet {antimagic, +Inv rN++ Str-4 Dex+3}
   (You found it on level 1 of the Lair of Beasts)

   It reduces the magical energy of the wielder, and disrupts the spells and
   magical abilities of those hit.
   Natural abilities and divine invocations are not affected.
   It affects your strength (-4).
   It affects your dexterity (+3).
   It greatly protects you from negative energy.
   It lets you turn invisible.
 n - the +2 Maxwell's thermic engine (weapon) {flame, freeze}
   (You found it on level 2 of the Orcish Mines)

   It has been specially enchanted to burn those struck by it, causing extra
   injury to most foes and up to half again as much damage against particularly
   susceptible opponents.
   Big, fiery blades are also staple armaments of hydra-hunters.
   It has been specially enchanted to freeze those struck by it, causing extra
   injury to most foes and up to half again as much damage against particularly
   susceptible opponents.
 y - a +4 demon blade
 N - the +4 morningstar of the Scavenger {flame, rPois rF+ Dex-3 SInv}
   (You took it off a minotaur in a Gauntlet)

   It has been specially enchanted to burn those struck by it, causing extra
   injury to most foes and up to half again as much damage against particularly
   susceptible opponents.
   It affects your dexterity (-3).
   It protects you from fire.
   It protects you from poison.
   It lets you see invisible.
Missiles
 e - 4 throwing nets (quivered)
 t - 8 curare-tipped darts
Armour
 l - the +4 moon troll leather armour (worn) {Spirit, Regen++ MP+5}
   (You found it in a Gauntlet)

   It affects your magic capacity (+5).
   It increases your rate of regeneration.
 q - a +2 chain mail of fire resistance
 u - a +1 pair of gloves (worn)
 F - a +1 plate armour of magic resistance
 G - a +0 kite shield of reflection (worn)
 K - the +1 hat "Xatenis" (worn) {Regen+}
   (You found it in a Gauntlet)

   It increases your rate of regeneration.
 T - a +2 cloak of poison resistance (worn)
 Z - a +0 plate armour of cold resistance
Jewellery
 g - an uncursed ring of flight
 x - an uncursed ring of poison resistance
 E - a ring of protection from magic (left hand)
 O - a ring of protection from fire (right hand)
 R - an uncursed ring of protection from magic
 S - the amulet "Wyajiyx" (around neck) {Acrobat rElec rPois Str+2 Dex-2}
   (You found it in a bailey)

   [amulet of the acrobat]

   It helps you evade while moving and waiting.
   It affects your strength (+2).
   It affects your dexterity (-2).
   It insulates you from electricity.
   It protects you from poison.
Wands
 D - a wand of iceblast (38)
 I - a wand of disintegration (15)
 P - a wand of digging (12)
Scrolls
 b - 2 scrolls of fog
 c - a scroll of brand weapon {unknown}
 d - 6 scrolls of enchant armour
 f - 3 scrolls of magic mapping
 h - 9 scrolls of remove curse
 i - 2 scrolls of vulnerability {unknown}
 j - 3 scrolls of noise {unknown}
 o - 8 scrolls of enchant weapon {unknown}
 w - 10 scrolls of teleportation
 H - 3 scrolls of random uselessness {unknown}
 M - 3 scrolls of blinking
 Q - a scroll of identify
 V - 2 scrolls of immolation
 X - a scroll of silence
Potions
 k - 3 potions of mutation
 p - 6 potions of heal wounds
 s - 12 potions of ambrosia
 v - 3 potions of cancellation
 z - 11 potions of curing
 A - 2 potions of might
 B - 3 potions of resistance
 C - 2 potions of flight
 J - 4 potions of haste
 L - a potion of magic
 W - 2 potions of invisibility
Miscellaneous
 r - a lightning rod (4/4)
 U - a phantom mirror
 Y - a condenser vane


   Skills:
 * Level 14.3 Fighting
 + Level 14.3 Long Blades
 * Level 13.2 Armour
 * Level 11.3 Dodging
 - Level 2.1 Stealth
 + Level 9.4 Shields
 + Level 0.1 Evocations


You had 15 spell levels left.
You didn't know any spells.
Your spell library was empty.

Dungeon Overview and Level Annotations

Branches:
Dungeon (15/15)            Temple (0/1) D:6            Lair (6/6) D:10
  Swamp (2/4) Lair:2       Spider (0/4) Lair:2        Slime (0/5) Lair:5
    Orc (2/2) D:11            Elf (0/3) Orc:2        Vaults (0/5) D:14
 Depths (0/5) D:15         Bailey (visited)         Volcano (visited)
Gauntlet (visited)

Altars:
Cheibriados
Dithmenos
Fedhas
Gozag
Hepliaklqana
Makhleb
Nemelex Xobeh
Qazlal
Sif Muna
Trog
Uskayaw
Wu Jian
Xom
Jiyva

Shops:
D:4 }   D:7 *   D:8 :   Orc:1 [=*   Orc:2 *(=(=!*

Portals:
Trove: D:12 (give +4 shadow dragon scales)

Annotations:
Lair:5 1 runed translucent door
Lair:6 2 transporters, MolotovDodgeball's ghost, journeyman TrBr


Innate Abilities, Weirdness & Mutations

You have hooves in place of feet.
You regenerate health from kills.
You are completely covered in sharp spines.
You have an extremely huge brain. (Int +4)


Message History

You slice the alligator!! You burn the alligator. You freeze the alligator.
You kill the alligator!
Trog accepts your kill. The tyrant leech bites you.
The tyrant leech draws strength from your injuries!
Your iron troll is engulfed in spectral mist.
Your iron troll bites the bunyip!!!
Your iron troll claws the bunyip.
Your iron troll barely misses the bunyip.
The spectral swamp dragon is struck by your spines.
The spectral swamp dragon bites you.
You block the spectral swamp dragon's attack.
The spectral swamp dragon barely misses you.
The spectral alligator snapping turtle bites you!!
* * * LOW HITPOINT WARNING * * *
The bunyip is engulfed in spectral mist.
The bloated husk explodes!
The blast of putrescent gases engulfs the spectral swamp dragon!!!
The spectral swamp dragon is destroyed!
The blast of putrescent gases engulfs you!!
You die...

≈≈.≈≈≈.♣≈≈.≈≈
≈≈≈≈≈≈≈≈≈.≈≈
≈≈≈.≈≈≈..≈.≈
....≈≈≈§≈..♣
≈≈≈≈♣≈≈≈≈≈..
≈..≈≈.≈≈○○☼
♣.♣≈..≈○○♣
♣≈≈. ≈.≈.♣
♣?..○♣♣@♣
♣...♣ .≈..♣
♣≈≈○○wZ♣
..≈≈≈.≈≈.
♣.≈○○t♣♣
♣≈.§≈(≈≈
♣..°x°♣
♣≈≈!♣.≈
♣♣≈T°†♣
♣.♣≈.. ..
♣.)○♣♣ ♣.≈≈≈♣
♣..♣♣♣≈≈≈♣♣
♣≈≈≈<♣
♣.....≈..☼♣
♣≈≈≈.♣
♣..PP...†≈♣♣
♣...♣♣


You could see a bunyip (catching breath), a tyrant leech, a ghost crab, a
spectral alligator snapping turtle (summoned) and a friendly iron troll
(summoned, berserk).

Vanquished Creatures
  Jorgrun (Swamp:1)
  A thorn hunter (Swamp:2)
  Donald (Orc:2)
  2 bunyips (Swamp:1)
  A minotaur (Gauntlet)
  A blizzard demon (Gauntlet)
  An eleionoma (Swamp:1)
  Snorg (Orc:2)
  An ettin (Orc:2)
  A vault guard (D:14)
  A shambling mangrove (Swamp:1)
  3 boulder beetles
  4 catoblepae
  7 hydras
  8 centaur warriors
  Erica (Lair:2)
  24 death yaks
  4 alligators
  A queen ant (Gauntlet)
  5 two-headed ogres
  6 orc high priests
  Urug (D:11)
  Nergalle (Lair:2)
  2 goliath frogs
  2 sixfirhies (Gauntlet)
  4 skeletal warriors
  2 bog bodies
  A phantasmal warrior (D:15)
  A sphinx zombie (D:15)
  2 anaconda skeletons (Volcano)
  A necromancer (D:15)
  Pikel (D:7)
  2 cyclopes (D:14)
  8 orc knights
  3 orc sorcerers
  2 manticores (Lair:6)
  An ugly thing (D:13)
  6 elephants (Lair:4)
  2 oklob plants (Lair:1)
  Psyche (D:11)
  Maurice (D:9)
  2 black mambas
  A torpor snail (Lair:3)
  15 cane toads
  5 gargoyles (Volcano)
  5 kobold demonologists
  4 rime drakes
  A freezing wraith (D:15)
  8 komodo dragons
  An efreet (D:13)
  A redback zombie (D:15)
  2 ice devils (Gauntlet)
  A queen bee (D:9)
  8 trolls
  A polar bear (Lair:4)
  Grinder (D:5)
  4 hornets
  5 slime creatures (D:13)
  3 tyrant leeches
  A harpy skeleton (Volcano)
  2 meliai zombies
  A fire dragon zombie (D:15)
  9 blink frogs
  An ice dragon zombie (D:15)
  2 shadows
  A spriggan zombie (D:15)
  Sigmund (D:6)
  3 flying skulls (Volcano)
  3 alligator skeletons (Volcano)
  A spriggan (Swamp:1)
  A wraith (D:15)
  A vampire (D:15)
  8 wyverns
  58 yaks
  3 basilisks
  2 vampire mosquitoes (Swamp:2)
  A steam dragon (Lair:3)
  6 soldier ants (Gauntlet)
  6 wargs
  3 swamp worms
  14 water moccasins
  A swamp drake (Swamp:1)
  5 ice beasts
  46 orc warriors
  2 sky beasts
  2 eyes of draining
  A black bear (Lair:3)
  A phantom (D:9)
  11 ogres
  6 wolves (Lair:3)
  7 centaurs
  4 big kobolds
  Blork the orc (D:6)
  21 bullfrogs
  2 wyvern zombies
  5 scorpions
  27 killer bees
  4 howler monkeys
  38 wights
  3 spriggan skeletons (Volcano)
  3 bullfrog zombies
  3 jellies
  2 centaur zombies
  7 hounds
  6 centaur skeletons
  19 orc priests
  6 bullfrog skeletons
  7 iguanas
  20 orc wizards
  11 worker ants
  2 naga skeletons (Volcano)
  A hound zombie (D:6)
  2 hound skeletons
  2 worker ant zombies
  7 gnolls
  10 adders
  A howler monkey skeleton (D:7)
  A shadow imp (D:6)
  3 white imps
  An ufetubus (D:9)
  An adder skeleton (D:7)
  An adder zombie (D:9)
  5 worms
  4 dart slugs
  3 leopard geckos
  78 orcs
  2 ball pythons (D:2)
  8 giant cockroaches
  5 hobgoblins
  17 jackals
  27 kobolds
  5 quokkas
  10 bats
  3 frilled lizards
  6 goblins
  A leopard gecko zombie (D:7)
  3 rats
795 creatures vanquished.

Vanquished Creatures (collateral kills)
  An orc warlord (Orc:2)
  A stone giant (Orc:2)
  An orc high priest (Orc:2)
  Sonja (Lair:6)
  A deep elf archer (Orc:2)
  An orc sorcerer (Orc:2)
  A deep elf mage (Orc:2)
  A tyrant leech (Lair:2)
  A troll (Orc:2)
  6 yaks (Lair:6)
  5 orc warriors (Orc:2)
  3 ogres (Orc:2)
  11 killer bees (D:9)
  8 orc priests (Orc:2)
  2 orc wizards (Orc:2)
  5 orcs (Orc:2)
49 creatures vanquished.

Vanquished Creatures (others)
  A spriggan (Swamp:2)
  A will-o-the-wisp (Swamp:2)
  3 bloated husks (Swamp:2)
  A hornet (Swamp:2)
  An orc wizard (D:9)
  30 demonic plants (Gauntlet)
  2 foxfires (Swamp:2)
  29 fungi
  35 plants
  4 withered plants (D:15)
107 creatures vanquished.

Grand Total: 951 creatures vanquished

Notes
Turn   | Place    | Note
-------+----------+-------------------------------------------
     0 | D:1      | robertstho the Demonspawn Berserker began the quest for the
                  | Orb.
     0 | D:1      | Reached XP level 1. HP: 18/18 MP: 1/1
   203 | D:1      | Gained mutation: You regenerate a little health from kills.
                  | [demonic ancestry]
   203 | D:1      | Reached XP level 2. HP: 11/24 MP: 2/2
  1241 | D:1      | Gained mutation: You are partially covered in sharp spines.
                  | [demonic ancestry]
  1241 | D:1      | Reached XP level 3. HP: 29/29 MP: 3/3
  1295 | D:1      | You fall into a shaft and drop 1 floor!
  1488 | D:2      | Found a shadowy altar of Dithmenos.
  1743 | D:2      | Reached ** piety under Trog
  2178 | D:2      | Reached XP level 4. HP: 37/37 MP: 4/4
  2725 | D:3      | Gained mutation: You have large cloven feet. [demonic
                  | ancestry]
  2725 | D:3      | Reached XP level 5. HP: 30/42 MP: 5/5
  2910 | D:3      | Reached skill level 1 in Stealth
  2994 | D:3      | Reached *** piety under Trog
  3225 | D:4      | Found Iqutumu's Gadget Shoppe.
  3308 | D:4      | Found a hazy altar of Hepliaklqana.
  3454 | D:4      | Gained mutation: You regenerate health from kills. [demonic
                  | ancestry]
  3454 | D:4      | Reached XP level 6. HP: 49/49 MP: 6/6
  3606 | D:4      | Noticed a sky beast
  3820 | D:4      | Reached XP level 7. HP: 55/55 MP: 7/7
  4030 | D:5      | Entered Level 5 of the Dungeon
  4030 | D:5      | Found an opulent altar of Gozag.
  4150 | D:5      | Noticed Grinder
  4169 | D:5      | Reached skill level 5 in Long Blades
  4174 | D:5      | Killed Grinder
  4175 | D:5      | Reached skill level 5 in Fighting
  4175 | D:5      | Gained mutation: You have an unusually large brain. (Int
                  | +2) [demonic ancestry]
  4175 | D:5      | Reached XP level 8. HP: 59/62 MP: 8/8
  4512 | D:5      | Reached skill level 5 in Armour
  4598 | D:5      | Found a snail-covered altar of Cheibriados.
  4725 | D:5      | Found a sparkling altar of Nemelex Xobeh.
  4835 | D:6      | Noticed Sigmund
  4873 | D:6      | Killed Sigmund
  4940 | D:6      | Noticed Blork the orc
  4950 | D:6      | Killed Blork the orc
  5240 | D:6      | Found a bloodstained altar of Trog.
  5252 | D:6      | Reached **** piety under Trog
  5428 | D:6      | Found a staircase to the Ecumenical Temple.
  5516 | D:6      | Gained mutation: You have hoof-like feet. [demonic
                  | ancestry]
  5516 | D:6      | Reached XP level 9. HP: 55/69 MP: 9/9
  5583 | D:6      | Found a shimmering altar of Xom.
  5589 | D:6      | Found a hide-covered altar of Uskayaw.
  5903 | D:7      | Found Kejus's Mass Market.
  5953 | D:7      | Bought a cursed +0 tower shield for 16 gold pieces
  6506 | D:7      | Noticed Pikel
  6518 | D:7      | Killed Pikel
  6519 | D:7      | Reached skill level 1 in Shields
  6788 | D:7      | Found a shimmering blue altar of Sif Muna.
  6854 | D:7      | Found a sparkling altar of Nemelex Xobeh.
  7365 | D:8      | Found Xeutral's Book Emporium.
  7612 | D:8      | Reached skill level 5 in Dodging
  7617 | D:8      | Gained mutation: You have hooves in place of feet. [demonic
                  | ancestry]
  7617 | D:8      | Reached XP level 10. HP: 79/79 MP: 10/10
  7871 | D:9      | Reached ***** piety under Trog
  8080 | D:9      | Noticed Maurice
  8091 | D:9      | Killed Maurice
  8687 | D:10     | Entered Level 10 of the Dungeon
  8783 | D:10     | Received a gift from Trog
  8877 | D:10     | Found a staircase to the Lair.
  8889 | D:10     | Gained mutation: You are mostly covered in sharp spines.
                  | [demonic ancestry]
  8889 | D:10     | Reached XP level 11. HP: 87/87 MP: 11/11
  9065 | D:10     | Found a blossoming altar of Fedhas.
  9207 | D:10     | Found a flagged portal.
  9335 | Bailey   | Entered a bailey
 10221 | Bailey   | Got a twitching pewter amulet
 10222 | Bailey   | Found a roughly hewn altar of Beogh.
 10222 | Bailey   | Noticed an orc knight
 10239 | Bailey   | Killed an orc knight
 10240 | Bailey   | Reached skill level 5 in Shields
 10636 | Lair:1   | Entered Level 1 of the Lair of Beasts
 10649 | Lair:1   | Identified the amulet "Wyajiyx" {Acrobat rElec rPois Str+2
                  | Dex-2} (You found it in a bailey)
 11244 | Lair:1   | Noticed an oklob plant
 11244 | Lair:1   | Noticed an oklob plant
 11256 | Lair:1   | Killed an oklob plant
 11261 | Lair:1   | Killed an oklob plant
 11271 | Lair:1   | Got a fine great mace
 12016 | Lair:2   | Received a gift from Trog
 12021 | Lair:2   | Identified the +8 great mace of a Gauntlet {antimagic, +Inv
                  | rN++ Str-4 Dex+3} (You found it on level 1 of the Lair of
                  | Beasts)
 12153 | Lair:2   | Noticed a boulder beetle
 12187 | Lair:2   | Noticed Erica
 12188 | Lair:2   | Killed a boulder beetle
 12189 | Lair:2   | Reached skill level 10 in Long Blades
 12189 | Lair:2   | Gained mutation: You have an extremely huge brain. (Int +4)
                  | [demonic ancestry]
 12189 | Lair:2   | Reached XP level 12. HP: 33/96 MP: 12/12
 12250 | Lair:2   | Found a hole to the Spider Nest.
 12397 | Lair:2   | Found a staircase to the Swamp.
 12618 | Lair:2   | Reached skill level 10 in Armour
 12709 | Lair:2   | Reached skill level 10 in Fighting
 12876 | Lair:2   | Noticed Nergalle
 12884 | Lair:2   | Killed Nergalle
 13086 | Lair:2   | Killed Erica
 13376 | Lair:3   | Noticed a catoblepas
 13393 | Lair:3   | Killed a catoblepas
 13406 | Lair:3   | Found a dark tunnel.
 13417 | Volcano  | Entered a volcano
 14495 | Lair:3   | Gained mutation: You are completely covered in sharp
                  | spines. [demonic ancestry]
 14495 | Lair:3   | Reached XP level 13. HP: 104/104 MP: 13/13
 14499 | Lair:3   | Received a gift from Trog
 16404 | Lair:5   | Found a runed translucent door.
 16404 | Lair:5   | Found a viscous altar of Jiyva.
 16404 | Lair:5   | Found a staircase to the Slime Pits.
 16908 | Lair:6   | Entered Level 6 of the Lair of Beasts
 16947 | Lair:6   | Noticed Sonja
 16959 | Lair:6   | Killed Sonja
 17092 | Lair:6   | Found a transporter.
 17116 | Lair:6   | Found a transporter.
 17120 | Lair:6   | Noticed MolotovDodgeball's ghost (journeyman TrBr)
 17145 | Lair:6   | Reached XP level 14. HP: 114/114 MP: 14/14
 17182 | Lair:6   | Found an ornate altar of the Wu Jian Council.
 18769 | D:11     | Found a staircase to the Orcish Mines.
 18896 | D:11     | Noticed Psyche
 18900 | D:11     | Killed Psyche
 19072 | D:11     | Noticed Urug
 19086 | D:11     | Killed Urug
 19086 | D:11     | Received a gift from Trog
 20001 | D:12     | Found a portal to a secret trove of treasure.
 20449 | D:12     | Found a stormy altar of Qazlal.
 20937 | D:13     | Reached skill level 10 in Dodging
 21235 | D:13     | Reached XP level 15. HP: 122/122 MP: 15/15
 21257 | D:13     | Reached ****** piety under Trog
 21257 | D:13     | Received a gift from Trog
 21450 | D:13     | You fall into a shaft and drop 2 floors!
 21450 | D:15     | Entered Level 15 of the Dungeon
 21834 | D:14     | Found a gate leading to a gauntlet.
 21839 | Gauntlet | Entered a Gauntlet
 21839 | Gauntlet | Found a transporter.
 21839 | Gauntlet | Found a transporter.
 21839 | Gauntlet | Found a transporter.
 21867 | Gauntlet | Found a transporter.
 21868 | Gauntlet | Found a transporter.
 21878 | Gauntlet | Found a transporter.
 21883 | Gauntlet | Found a transporter.
 21893 | Gauntlet | Found a transporter.
 21984 | Gauntlet | Found a transporter.
 21994 | Gauntlet | Found a transporter.
 21998 | Gauntlet | Found a transporter.
 22010 | Gauntlet | Found a transporter.
 22222 | Gauntlet | Got a crude hat
 22227 | Gauntlet | Identified the +1 hat "Xatenis" {Regen+} (You found it in a
                  | Gauntlet)
 22238 | Gauntlet | Identified the +4 morningstar of the Scavenger {flame,
                  | rPois rF+ Dex-3 SInv}
 22239 | Gauntlet | Found the +4 moon troll leather armour {Spirit, Regen++
                  | MP+5}
 22263 | Gauntlet | Identified the Almanac of Translocation and Execration
 22598 | D:14     | Found a gate to the Vaults.
 22982 | D:15     | Found a staircase to the Depths.
 23398 | Orc:1    | Entered Level 1 of the Orcish Mines
 23414 | Orc:1    | Received a gift from Trog
 23502 | Orc:1    | Found Wousoecs's Armour Boutique.
 23536 | Orc:1    | Found a bloodstained altar of Trog.
 23582 | Orc:1    | Found Iritsigg's Jewellery Emporium.
 23593 | Orc:1    | Found Bisaemir's General Store.
 23902 | Orc:2    | Entered Level 2 of the Orcish Mines
 23902 | Orc:2    | Found Kubbyleo's Distillery.
 23931 | Orc:2    | Bought a potion of curing for 42 gold pieces
 23931 | Orc:2    | Bought 2 potions of heal wounds for 140 gold pieces
 23931 | Orc:2    | Bought a potion of invisibility for 112 gold pieces
 23931 | Orc:2    | Bought a potion of heal wounds for 70 gold pieces
 23984 | Orc:2    | Noticed an orc warlord
 23989 | Orc:2    | Found the +2 Maxwell's thermic engine {flame, freeze}
 24009 | Orc:2    | Killed an orc warlord
 24095 | Orc:2    | Found a burning altar of Makhleb.
 24112 | Orc:2    | Noticed Donald
 24124 | Orc:2    | Killed Donald
 24210 | Orc:2    | Found a staircase to the Elven Halls.
 24225 | Orc:2    | Found Jytsuriu's Jewellery Shoppe.
 24278 | Orc:2    | Noticed Snorg
 24290 | Orc:2    | Killed Snorg
 24597 | Orc:2    | Reached XP level 16. HP: 131/132 MP: 16/16
 24748 | Orc:2    | Found Caxek's General Store.
 24751 | Orc:2    | Found Gafybam's Antique Weapon Shoppe.
 24752 | Orc:2    | Found Oquin's Jewellery Shoppe.
 24753 | Orc:2    | Found Vijathrow's Weapon Emporium.
 24899 | Orc:2    | Found Egiffobu's Assorted Antiques.
 24906 | Orc:2    | Bought a potion of heal wounds for 170 gold pieces
 25134 | Swamp:1  | Entered Level 1 of the Swamp
 25136 | Swamp:1  | Noticed Jorgrun
 25161 | Swamp:1  | Killed Jorgrun
 25644 | Swamp:2  | Noticed a thorn hunter
 25651 | Swamp:2  | Killed a thorn hunter
 25676 | Swamp:2  | Received a gift from Trog
 25690 | Swamp:2  | Killed from afar by bloated husk

Illustrated notes

Levels and vault maps discovered:
D:1:      psy_arrival_terrarium, layout_basic, minmay_pentomino_w2
D:2:      layout_loops_ring, grunt_dithmenos_smoke_and_mirrors,
          roderic_lattice_a
D:3:      layout_rooms, minmay_door_square
D:4:      minmay_clustersquares, layout_loops_ring, lemuel_crystal_altar,
          serial_shops, shop
D:5:      layout_gridville, lemuel_crystal_altar, grunt_gozag_statues,
          serial_bayou_pond_c, nemelex_diamond_rough_becter, uniq_grinder
D:6:      layout_gridville, amethyst_overflow_temple_binary,
          general_overflow_altar, lemuel_temple_firewalk_b, uniq_blork_the_orc,
          uniq_sigmund
D:7:      layout_basic, lemuel_blue_sif_altar, lemuel_coloured_pillars_altar,
          kennysheep_big_empty_room, grunt_ministairs_2, minmay_shop_mass,
          uniq_pikel
D:8:      layout_basic, serial_shops,
          nicolae_shop_temple_entry_statues_fountains
D:9:      layout_roguey [special_room_bee], serial_rivers,
          chequers_serial_rivers_micro_a, chequers_serial_rivers_micro_c,
          chequers_serial_rivers_micro_d, chequers_serial_rivers_room_b,
          chequers_serial_rivers_micro_d, chequers_serial_rivers_small_a,
          uniq_maurice
D:10:     layout_roguey, erik_lair_orcish_takeover, enter_bailey_8,
          fedhas_altar_fruit_tree
D:11:     layout_stronghold, david_orc_3, uniq_urug, uniq_psyche
D:12:     layout_loops_ring, trove_entry_hex_spiral,
          nicolae_qazlal_style_of_elements
D:13:     layout_gridville, minmay_mirror_moons_of_madness
D:14:     layout_gridville, david_vaults_5, gauntlet_entry_generic,
          amethyst_killhole
D:15:     gammafunk_depths_entry_grave, layout_rooms, serial_bayou_pond_e
Lair:1:   layout_regular_city, wad_woods_road_05, minmay_lair_oklob_chamber,
          grunt_megastairs_5
Lair:2:   layout_big_grid, minmay_swamp_entry_worms,
          nicolae_spider_entry_non_spiders, patterned_corridor,
          grunt_megastairs_2, uniq_nergalle, uniq_erica
Lair:3:   layout_chaotic_city, nicolae_volcano_entry_two_sided,
          serial_bayou_crossing
Lair:4:   layout_misc_corridors, grunt_megastairs_1
Lair:5:   layout_regular_city, slime_altar_2, serial_bayou_shore_b,
          grunt_megastairs_3
Lair:6:   evilmike_catoblepas_cave, layout_layer_cave, gammafunk_ghost_arena,
          basic_altar, uniq_sonja
Swamp:1:  layout_basic_swamp, evilmike_swamp_ruin_house_5, uniq_jorgrun
Swamp:2:  layout_falls_marsh, nicolae_swamp_fairy_circle
Orc:1:    layout_caves, serial_shops, nicolae_shop_crystal,
          nicolae_shop_temple_entry_statues_fountains, shop, trog_butcher_becter
Orc:2:    st_orc_pillars, layout_caves, basic_altar, serial_shops, shop,
          shop_fountains, nicolae_shop_statue_plus, elf_legates, uniq_donald,
          uniq_snorg

Skill      XL: |  1  2  3  4  5  6  7  8  9 10 11 12 13 14 15 16 |
---------------+-------------------------------------------------+-----
Dodging        | 2 3 4 5 7 9 10 11 | 11.3
Long Blades    | 3 4 5 7 8 10 11 12 13 14 | 14.3
Armour         | 2 3 4 5 7 8 9 11 12 13 | 13.2
Fighting       | 4 5 6 7 8 9 10 11 12 13 14 | 14.3
Stealth        | 1 2 |  2.1
Shields        | 2 4 5 6 7 9 |  9.4
Evocations     | |  0.1

Action                   |  1- 3 |  4- 6 |  7- 9 | 10-12 | 13-15 | 16-18 || total
-------------------------+-------+-------+-------+-------+-------+-------++-------
Melee: Falchion          |   108 |   119 |   137 |       |       |       ||   364
       Long sword        |       |       |   157 |   308 |       |       ||   465
       Kick              |       |       |       |   205 |   494 |    52 ||   751
       Great sword       |       |       |       |   172 |     3 |       ||   175
       Scimitar          |       |       |       |    84 |   151 |       ||   235
       Demon blade       |       |       |       |       |   975 |       ||   975
       Double sword      |       |       |       |       |    74 |   141 ||   215
Invok: Berserk           |     2 |     4 |     9 |    16 |    19 |     4 ||    54
       Trog's Hand       |       |     2 |     2 |     4 |     3 |     1 ||    12
       Brothers in Arms  |       |       |       |     2 |     3 |     1 ||     6
Evoke: Wand              |       |       |       |     2 |       |       ||     2
  Use: Potion            |       |     1 |       |     1 |       |     2 ||     4
       Scroll            |       |       |    10 |     9 |    13 |       ||    32
 Stab: Sleeping          |     3 |       |       |       |       |       ||     3
       Distracted        |       |       |       |     1 |     1 |       ||     2
Armor: Animal skin       |    23 |     3 |       |       |       |       ||    26
       Chain mail        |       |    57 |    63 |     2 |   148 |       ||   270
       Plate armour      |       |       |   135 |   243 |   100 |       ||   478
       Troll leather arm |       |       |       |       |    49 |    46 ||    95
Dodge: Dodged            |    89 |    59 |    90 |   224 |   300 |    96 ||   858
Block: Tower shield      |       |       |    99 |   312 |   791 |       ||  1202
       Kite shield       |       |       |       |       |    45 |    85 ||   130
       Reflection        |       |       |       |       |     3 |     1 ||     4
       Rpst.: Falchion   |    32 |    23 |    19 |       |       |       ||    74
       Long sword        |       |       |    10 |    19 |       |       ||    29
       Great sword       |       |       |       |    31 |     1 |       ||    32
       Scimitar          |       |       |       |    16 |    10 |       ||    26
       Demon blade       |       |       |       |       |    49 |       ||    49
       Double sword      |       |       |       |       |     7 |    24 ||    31

Table legend: (Time is in decaauts)
 A = Elapsed time spent in this place.
 B = Non-inter-level travel time spent in this place.
 C = Inter-level travel time spent in this place.
 D = Time resting spent in this place.
 E = Time spent auto-exploring this place.
 F = Levels seen in this place.
 G = Mean time per level.
                   A        B        C        D        E       F      G
               +--------+--------+--------+--------+--------+-----+--------+
         Total |  26066 |  24870 |   1196 |   1638 |  17270 |  28 |  930.9 |
       Dungeon |  14002 |  13166 |    836 |    471 |   9821 |  15 |  933.5 |
          Lair |   7141 |   6863 |    278 |    706 |   4672 |   6 | 1190.2 |
         Swamp |    602 |    585 |     17 |     33 |    402 |   2 |  301.0 |
  Orcish Mines |   1636 |   1572 |     64 |     61 |   1074 |   2 |  818.0 |
        Bailey |   1163 |   1163 |      0 |    247 |    493 |   1 | 1163.0 |
       Volcano |   1037 |   1037 |      0 |     77 |    641 |   1 | 1037.0 |
      Gauntlet |    481 |    481 |      0 |     43 |    165 |   1 |  481.0 |
               +--------+--------+--------+--------+--------+-----+--------+

Top non-repeatable levels by time:
  Lair:6: 1697 daAuts
  Lair:1: 1456 daAuts
     D:1: 1323 daAuts
     D:7: 1230 daAuts
  Lair:2: 1194 daAuts
  Bailey: 1163 daAuts
    D:11: 1124 daAuts
  Lair:3: 1101 daAuts
     D:6: 1091 daAuts
     D:4: 1060 daAuts
   Orc:2: 1055 daAuts
 Volcano: 1037 daAuts
     D:2: 1023 daAuts
    D:10: 907 daAuts
  Lair:5: 889 daAuts
